 Dungeon Crawl Stone Soup version 0.30.0-29-ga12c61a403 (webtiles) character file.

Game seed: 2276513725575794322

22780 bmack86 the Cleaver (level 12, -7/115 HPs)
             Began as a Minotaur Fighter on June 16, 2023.
             Was an Initiate of Gozag.
             Mangled by a deep elf archer
             ... wielding a +0 short sword
              (12 damage)
             ... on level 14 of the Dungeon.
             The game lasted 00:42:04 (11901 turns).

bmack86 the Cleaver (Minotaur Fighter)             Turns: 11901, Time: 00:42:04

Health: -7/115     AC: 27    Str: 23    XL:     12   Next: 66%
Magic:  11/11      EV:  7    Int:  8    God:    Gozag
Gold:   2425       SH:  7    Dex: 18    Spells: 11/11 levels left

rFire   . . .        R - +9 broad axe of Tentacled Defiance {vamp, rC+ Str-3 Int+3 Dex+8}
rCold   + . .        c - +0 buckler
rNeg    . . .        S - +1 plate armour {Will+}
rPois   .            (helmet restricted)
rElec   .            t - +2 cloak
rCorr   .            (no gloves)
SInv    .            v - +2 pair of boots
Will    +....        F - amulet of regeneration Stlth
                     w - +4 ring of protection
HPRegen 1.19/turn    x - ring of flight
MPRegen 0.12/turn

%: no passive effects
@: gold aura, flying, slowed, studying 2 skills, very slow
A: horns 2, retaliatory headbutt
a: Renounce Religion, Potion Petition, Call Merchant, Bribe Branch


You were on level 14 of the Dungeon.
You worshipped Gozag.
Gozag was most pleased with you.
You visited 2 branches of the dungeon, and saw 15 of its levels.
You also visited: Sewer, Ossuary and Ice Cave.

You collected 3464 gold pieces.
You spent 668 gold pieces at shops.
You paid 371 gold pieces to Gozag.

Inventory:

Hand Weapons
 a - a +3 war axe of flaming
 R - the +9 broad axe of Tentacled Defiance (weapon) {vamp, rC+ Str-3 Int+3 Dex+8}
   (You acquired it on level 13 of the Dungeon)

   Str:       It affects your strength (-3).
   Int:       It affects your intelligence (+3).
   Dex:       It affects your dexterity (+8).
   rC:        It protects you from cold.
Missiles
 b - 24 poisoned darts
 f - 9 boomerangs
 C - 5 throwing nets
Armour
 c - a +0 buckler (worn)
 k - a +3 plate armour of cold resistance
 t - a +2 cloak (worn)
 v - a +2 pair of boots (worn)
 S - a +1 plate armour of willpower (worn)
Jewellery
 i - the amulet of Ixkaawiu {Acrobat rPois rCorr Stlth+}
   (You found it in an ice cave)

   [amulet of the acrobat]

   It increases your evasion while moving and waiting.
   rPois:     It protects you from poison.
   rCorr:     It protects you from acid and corrosion.
   Stlth:     It makes you more stealthy.
 l - an amulet of reflection
 m - a ring of protection from fire
 o - a ring of resist corrosion
 p - a ring of see invisible
 r - a ring of poison resistance
 w - a +4 ring of protection (left hand)
 x - a ring of flight (right hand)
 y - a +4 ring of protection
 F - an amulet of regeneration (around neck)
 G - a ring of protection from cold
 L - a ring of ice
 N - a +5 ring of evasion
 P - a +6 ring of intelligence
 Q - a ring of fire
Wands
 h - a wand of polymorph (3)
 J - a wand of flame (50) (quivered)
Scrolls
 j - 13 scrolls of teleportation
 E - a scroll of blinking
 I - 3 scrolls of butterflies
 T - a scroll of brand weapon
Potions
 d - 5 potions of might
 e - 4 potions of resistance
 g - 3 potions of lignification
 n - 7 potions of ambrosia
 q - 7 potions of heal wounds
 s - a potion of berserk rage
 u - 8 potions of curing
 z - 2 potions of invisibility
 A - 4 potions of flight
 B - 3 potions of haste
 D - 3 potions of mutation
 H - a potion of magic
 K - a potion of brilliance {unknown}
 M - a potion of cancellation
 O - a potion of degeneration {unknown}


   Skills:
 + Level 13.2 Fighting
 + Level 14.9 Axes
 - Level 12.1 Armour
 - Level 9.3 Shields
 - Level 9.2 Evocations


You had 11 spell levels left.
You didn't know any spells.
Your spell library contained the following spells:

 Spells                   Type           Power      Damage    Failure   Level
 Apportation              Tloc           0%         N/A       99%         1
 Foxfire                  Conj/Fire      0%         2x1d4     99%         1
 Magic Dart               Conj           0%         1d3       99%         1
 Necrotise                Necr           0%         1d4       99%         1
 Sandblast                Erth           0%         2d4       99%         1
 Summon Small Mammal      Summ           0%         N/A       99%         1
 Call Imp                 Summ           0%         N/A       100%        2
 Passwall                 Tmut/Erth      0%         N/A       100%        2
 Poisonous Vapours        Pois/Air       0%         N/A       100%        2
 Searing Ray              Conj           0%         2d4       100%        2
 Static Discharge         Conj/Air       0%         2-2/arc   100%        2
 Gell's Gravitas          Tloc           0%         N/A       100%        3
 Hailstorm                Conj/Ice       0%         3d3       100%        3
 Inner Flame              Hex/Fire       0%         N/A       100%        3
 Mephitic Cloud           Conj/Pois/Air  0%         N/A       100%        3
 Stone Arrow              Conj/Erth      0%         3d7       100%        3
 Teleport Other           Tloc           0%         N/A       100%        3
 Vampiric Draining        Necr           0%         2d6       100%        3
 Airstrike                Air            0%         2d(0-16)  100%        4
 Fulminant Prism          Conj/Hex       0%         3d5       100%        4
 Ice Form                 Ice/Tmut       0%         N/A       100%        4
 Olgreb's Toxic Radiance  Pois           0%         N/A       100%        4
 Summon Lightning Spire   Summ/Air       0%         N/A       100%        4
 Agony                    Necr           0%         N/A       100%        5
 Fireball                 Conj/Fire      0%         3d3       100%        5
 Freezing Cloud           Conj/Ice/Air   0%         6-21      100%        5
 Yara's Violent Unravell  Hex/Tmut       0%         3d3       100%        5
 Conjure Ball Lightning   Conj/Air       0%         3x3d6     100%        6
 Dispersal                Tloc           0%         N/A       100%        6
 Plasma Beam              Fire/Air       0%         2x1d11    100%        6
 Starburst                Conj/Fire      0%         6d3       100%        6
 Enfeeble                 Hex            0%         N/A       100%        7
 Malign Gateway           Summ/Tloc      0%         N/A       100%        7
 Discord                  Hex            0%         N/A       100%        8
 Disjunction              Tloc           0%         N/A       100%        8
 Ignition                 Fire           0%         3d3       100%        8
 Summon Horrible Things   Summ           0%         N/A       100%        8
 Simulacrum               Ice/Necr       Unusable   N/A       N/A         6

Dungeon Overview and Level Annotations

Branches:
Dungeon (14/15)            Temple (1/1) D:7            Lair (0/5) D:10
    Orc (0/2) D:9           Sewer (visited)         Ossuary (visited)
  IceCv (visited)
 Vaults: D:13-14

Altars:
Ashenzari
Cheibriados
Elyvilon
Gozag
Hepliaklqana
Kikubaaqudgha
Makhleb
Nemelex Xobeh
Okawaru
Qazlal
Ru
Trog
Uskayaw
Vehumet
Wu Jian
Xom
Yredelemnul
Zin

Shops:
D:4 [   D:11 :*:   D:12 [(

Portals:
Trove: D:10 (give +7 demon blade)


Innate Abilities, Weirdness & Mutations

You have a pair of horns on your head.
You reflexively headbutt those who attack you in melee.


Message History

The vault guard is heavily wounded.
The vault guard hits you with a +0 great sword.
The deep elf archer shoots an arrow.
The arrow hits you!
The vault guard hits you with a +0 great sword.
You barely miss the vault guard.
The vault guard is heavily wounded.
The deep elf archer shoots an arrow.
The arrow hits you but does no damage. The vault guard completely misses you.
The deep elf archer shoots an arrow.
The arrow hits you but does no damage.
You slash the vault guard!
You feel better.
You headbutt the vault guard, but do no damage.
The vault guard is severely wounded.
The vault guard hits you with a +0 great sword!
* * * LOW HITPOINT WARNING * * *
The deep elf archer points at you and mumbles some strange words.
You feel as though you will be slow longer.
You slice the vault guard!!
You feel better.
You headbutt the vault guard, but do no damage.
The vault guard is almost dead.
The vault guard hits you with a +0 great sword.
The vault guard hits you but does no damage.
You slash the vault guard! You headbutt the vault guard.
You kill the vault guard!
The deep elf archer gestures at you while chanting.
You resist with almost no effort.
The deep elf archer shoots an arrow.
The arrow completely misses you.
The deep elf archer shoots an arrow.
The arrow hits you but does no damage.
Things that are here:
6 gold pieces; a +0 great sword; a +0 plate armour The deep elf archer shoots an arrow.
The arrow hits you.
The deep elf archer shoots an arrow.
The arrow hits you!!
* * * LOW HITPOINT WARNING * * *
The deep elf archer shoots an arrow.
The arrow hits you!!
* * * LOW HITPOINT WARNING * * *
The deep elf archer shoots an arrow.
You block the arrow.
The deep elf archer unwields a +0 shortbow.
The deep elf archer wields a +0 short sword.
The deep elf archer hits you with a +0 short sword!
You die...
Your body crumbles into a pile of gold.

#.........###....
#.........#...# $
######......#
#####≈~..###
#...#≈≈~.##
+...$≈≈≈~.#
#....≈≈≈~.#
#####≈≈≈~.##
#@≈~~..# #e~~...#
+......# +......#
+......# #~~~...+
#≈≈≈~..# #≈≈≈~.##


You could see a deep elf archer (repels missiles).

Vanquished Creatures
  A white draconian (IceCv)
  A vault guard (D:14)
  Fannar (D:10)
  A catoblepas (D:13)
  2 centaur warriors (D:13)
  Erica (D:10)
  A boulder beetle (D:11)
  2 two-headed ogres
  Lodul (D:10)
  An orange crystal statue (D:11)
  An ugly thing (D:13)
  An orc knight (D:13)
  A manticore (D:12)
  A cyclops (D:11)
  A black mamba (shapeshifter) (D:14)
  2 ice statues (IceCv)
  3 kobold demonologists (D:12)
  3 rime drakes (IceCv)
  An unseen horror (D:11)
  A yaktaur (shapeshifter) (D:13)
  2 trolls
  A meliai (shapeshifter) (D:13)
  A hornet (D:10)
  5 slime creatures (D:12)
  A shadow (D:12)
  3 wyverns
  4 yaks (D:9)
  2 vampire mosquitoes (D:13)
  3 wargs (D:10)
  4 acid dragons
  2 water moccasins (D:8)
  Duvessa (D:7)
  4 black bears
  12 orc warriors
  3 ice beasts
  2 sky beasts
  9 ogres
  9 centaurs
  2 kobold brigands
  A phantom (D:5)
  5 bullfrogs
  2 gnoll sergeants
  3 scorpions
  10 wights
  Dowan (D:7)
  11 killer bees
  3 lindwurm simulacra (IceCv)
  4 howler monkeys
  5 human zombies (Ossuary)
  6 komodo dragon simulacra (IceCv)
  6 orc priests
  2 sleepcaps
  2 iguanas
  7 orc wizards
  2 mummies (Ossuary)
  7 adders
  13 gnolls
  6 acid dragon simulacra (IceCv)
  4 river rats
  2 shadow imps
  14 white imps
  6 steam dragon simulacra (IceCv)
  2 worms
  2 dart slugs
  39 orcs
  6 endoplasms
  2 giant cockroaches (D:4)
  8 goblins
  2 hobgoblins
  9 jackals
  16 kobolds
  3 quokkas
  21 ball pythons
  3 bats
  5 frilled lizards
  3 goblin zombies (Ossuary)
  11 hobgoblin zombies (Ossuary)
  A jackal zombie (Ossuary)
  10 kobold zombies (Ossuary)
  6 orc zombies (Ossuary)
  25 rats
393 creatures vanquished.

Vanquished Creatures (others)
  A rime drake (IceCv)
1 creature vanquished.

Grand Total: 394 creatures vanquished

Notes
Turn   | Place    | Note
-------+----------+-------------------------------------------
     0 | D:1      | bmack86 the Minotaur Fighter began the quest for the Orb.
     0 | D:1      | Reached XP level 1. HP: 19/19 MP: 0/0
   271 | D:1      | Reached skill level 3 in Axes
   298 | D:1      | Reached XP level 2. HP: 21/26 MP: 1/1
   662 | D:2      | Reached skill level 4 in Axes
   888 | D:2      | Reached XP level 3. HP: 31/31 MP: 2/2
   910 | D:2      | Identified the +6 short sword "Lolun" {flame, rPois rC-
                  | Dex+4}
  1107 | D:2      | Reached skill level 5 in Axes
  1533 | D:3      | Reached XP level 4. HP: 37/39 MP: 3/3
  2095 | D:4      | Reached skill level 6 in Axes
  2116 | D:4      | Reached XP level 5. HP: 36/45 MP: 4/4
  2402 | D:4      | Reached skill level 7 in Axes
  2498 | D:4      | Found Bedenuc's Antique Armour Shoppe.
  2928 | D:5      | Entered Level 5 of the Dungeon
  2966 | D:5      | Noticed a phantom
  2971 | D:5      | Killed a phantom
  2972 | D:5      | Reached XP level 6. HP: 51/51 MP: 5/5
  3025 | D:5      | Reached skill level 8 in Axes
  3060 | D:5      | Reached skill level 9 in Axes
  3118 | D:5      | Reached XP level 7. HP: 57/57 MP: 6/6
  3137 | D:5      | Reached skill level 10 in Axes
  3174 | D:5      | Found a glowing drain.
  3197 | Sewer    | Entered a sewer
  3424 | Sewer    | Reached skill level 11 in Axes
  3859 | D:5      | Found a hazy altar of Hepliaklqana.
  3860 | D:5      | Found a radiant altar of Vehumet.
  3957 | D:6      | Reached XP level 8. HP: 64/64 MP: 7/7
  4155 | D:6      | Reached skill level 12 in Axes
  4572 | D:6      | Reached skill level 13 in Axes
  4876 | D:7      | Reached skill level 14 in Axes
  4876 | D:7      | Reached XP level 9. HP: 61/70 MP: 8/8
  5154 | D:7      | Found a staircase to the Ecumenical Temple.
  5162 | Temple   | Entered the Ecumenical Temple
  5203 | Temple   | Became a worshipper of Gozag Ym Sagoz the Greedy
  5297 | D:7      | Reached skill level 5 in Fighting
  5297 | D:7      | Reached skill level 5 in Armour
  5307 | D:7      | Identified a scroll of acquirement
  5307 | D:7      | Acquired a manual of Evocations
  5472 | D:7      | Noticed Duvessa
  5472 | D:7      | Noticed Dowan
  5477 | D:7      | Killed Duvessa
  5483 | D:7      | Killed Dowan
  5528 | D:7      | Identified the +9 mace of Biywk {heavy, Dex+3}
  5772 | D:8      | Found a sand-covered staircase.
  5822 | Ossuary  | Entered an ossuary
  6321 | D:8      | Reached XP level 10. HP: 85/88 MP: 9/9
  6720 | D:9      | Found a basalt altar of Yredelemnul.
  6761 | D:9      | Found a staircase to the Orcish Mines.
  6909 | D:9      | Reached skill level 1 in Evocations
  7595 | D:10     | Entered Level 10 of the Dungeon
  7617 | D:10     | Found a staircase to the Lair.
  7679 | D:10     | Found a portal to a secret trove of treasure.
  7704 | D:10     | Noticed Fannar
  7714 | D:10     | Killed Fannar
  7715 | D:10     | Reached skill level 5 in Shields
  8037 | D:10     | Noticed a two-headed ogre
  8044 | D:10     | Killed a two-headed ogre
  8045 | D:10     | Reached skill level 10 in Fighting
  8045 | D:10     | Reached skill level 10 in Armour
  8106 | D:10     | Reached XP level 11. HP: 99/99 MP: 10/10
  8112 | D:10     | Reached skill level 5 in Evocations
  8112 | D:10     | Noticed Lodul
  8121 | D:10     | Killed Lodul
  8297 | D:10     | Noticed Erica
  8314 | D:10     | Killed Erica
  8697 | D:11     | Found Boteaklicze's Book Shoppe.
  8785 | D:11     | Found Qonamoh's General Store.
  8791 | D:11     | Bought a scroll of identify for 28 gold pieces
  8843 | D:11     | Noticed a boulder beetle
  8861 | D:11     | Killed a boulder beetle
  8876 | D:11     | Noticed a two-headed ogre
  8886 | D:11     | Killed a two-headed ogre
  8999 | D:11     | Found Lexillami's Book Shoppe.
  9362 | D:11     | Noticed an orange crystal statue
  9366 | D:11     | Noticed a centaur warrior
  9373 | D:11     | Noticed a two-headed ogre
  9373 | D:11     | Noticed a two-headed ogre
  9374 | D:11     | Killed an orange crystal statue
  9666 | D:11     | Found a snail-covered altar of Cheibriados.
  9863 | D:12     | Found Ybiu's Armour Emporium.
  9900 | D:12     | Bought a +2 plate armour of cold resistance for 640 gold
                  | pieces
 10006 | D:12     | Noticed a sun demon
 10007 | D:12     | Noticed a soul eater
 10105 | D:12     | Found Ymaba's Antique Weapon Shoppe.
 10627 | D:13     | Noticed a catoblepas
 10648 | D:13     | Killed a catoblepas
 10649 | D:13     | Reached XP level 12. HP: 88/110 MP: 11/11
 10726 | D:13     | You fall into a shaft and drop 1 floor!
 10790 | D:13     | Found a frozen archway.
 10829 | IceCv    | Entered an ice cave
 11091 | IceCv    | Noticed a white draconian
 11101 | IceCv    | Killed a white draconian
 11113 | IceCv    | Identified the amulet of Ixkaawiu {Acrobat rPois rCorr
                  | Stlth+}
 11294 | D:13     | Acquired the +9 broad axe of Tentacled Defiance {vamp, rC+
                  | Str-3 Int+3 Dex+8}
 11765 | D:13     | Noticed a centaur warrior
 11766 | D:13     | Noticed a centaur warrior
 11775 | D:13     | Killed a centaur warrior
 11777 | D:13     | Killed a centaur warrior
 11878 | D:14     | Noticed a vault guard
 11896 | D:14     | Killed a vault guard
 11899 | D:14     | HP: 1/115 [deep elf archer/arrow (19)]
 11901 | D:14     | Mangled by a deep elf archer

Illustrated notes

Levels and vault maps discovered:
D:1:      ncdulo_wetmaze, layout_rooms, minivault_23
D:2:      layout_basic, serial_corexii_hall, chequers_hall_statues_wall_a,
          chequers_hall_statues_wall_a
D:3:      layout_basic
D:4:      layout_basic, serial_shops, kennysheep_little_box,
          chequers_serial_rivers_micro_e
D:5:      nicolae_cairo_tiling_large_dashed, layout_basic,
          amethyst_overflow_temple_binary, portal_sewer_entry_b
D:6:      layout_basic, nrook_mini_vaults, nicolae_titane
D:7:      layout_loops_corners, temple_statues, uniq_duvessa
D:8:      layout_cave_pools, lightli_ossuary_entry_decrepit_ruins, minivault_5,
          grunt_ministairs_9
D:9:      layout_loops_corners, lemuel_tele_altar, orc_0_dummy
D:10:     layout_loops_corners, erik_lair_orcish_takeover,
          nicolae_trove_entry_crystal, uniq_fannar, uniq_lodul, uniq_erica
D:11:     layout_grid_maze, serial_shops, nicolae_shop_tiny_statue_garden, shop,
          nicolae_shop_tiny_statue_garden, minivault_16, nrook_mini_backslash,
          cheibrodos_worm_habitat
D:12:     layout_basic, serial_shops, kennysheep_mini_moat, shop
D:13:     layout_roguey [special_room_orc], portal_ice_cave_entry_imps,
          minmay_misc_feat_room, corexii_corridor_pit
D:14:     layout_roguey [special_room_orc], grunt_vaults_entry_fortified,
          ebering_ghost_reflecting_pool
Temple:   nicolae_temple_bog_church

Skill      XL: |  1  2  3  4  5  6  7  8  9 10 11 12 |
---------------+-------------------------------------+-----
Axes           | 3 4 5 6 7 9 11 14 | 14.9
Fighting       | 7 10 11 13 | 13.2
Armour         | 7 10 11 12 | 12.1
Evocations     | 4 8 9 |  9.2
Shields        | 6 8 9 |  9.3

Action                     |  1- 3 |  4- 6 |  7- 9 | 10-12 || total
---------------------------+-------+-------+-------+-------++-------
  Melee: War axe           |    77 |       |   233 |   339 ||   649
         Headbutt          |     7 |    11 |    43 |   107 ||   168
         Hand axe          |     4 |    68 |    84 |       ||   156
         Broad axe         |       |       |       |    70 ||    70
 Invoke: Potion Petition   |       |       |       |     1 ||     1
  Evoke: Wand              |       |       |       |     5 ||     5
    Use: Scroll            |       |    12 |    13 |    11 ||    36
   Stab: Distracted        |       |       |     1 |     3 ||     4
 Armour: Scale mail        |    44 |    37 |   164 |    81 ||   326
         Chain mail        |     1 |       |       |       ||     1
         Plate armour      |       |       |       |   201 ||   201
  Dodge: Dodged            |    44 |    35 |   103 |   143 ||   325
  Block: Buckler           |    40 |    50 |    98 |    98 ||   286
         Reflection        |       |     7 |       |       ||     7
